| TOP OF THE 1ST |
|
New York Yankees batting - Pitching for Toronto Blue Jays : RHP Ron Romanick
|
|
Pitching: RHP Ron Romanick
|
|
|
Batting: SHB Jerry Manuel
|
0-0: Ball 1-0: Ball 2-0: SINGLE (Line Drive, 4D, EV 101.9 MPH)
|
|
Batting: SHB Larry Hyman
|
0-0: Called Strike 0-1: Ball 1-1: Foul Ball, location: 2F 1-2: Foul Ball, location: 2F 1-2: Ball 2-2: Ball 3-2: Ground out 5-3 (Groundball, 5, EV 100.0 MPH) Jerry Manuel to second
|
|
Batting: RHB David Hall
|
0-0: Ball 1-0: Called Strike Jerry Manuel steals 3rd base (no throw) 1-1: Swinging Strike 1-2: SINGLE (Groundball, 6MS, EV 65.0 MPH) (infield hit) Jerry Manuel scores
|
|
Batting: RHB Pedro Guerrero
|
0-0: Ball 1-0: Ball 2-0: Swinging Strike 2-1: Called Strike 2-2: Ball 3-2: Strikes out looking David Hall steals 2nd base Batter strikes out.
|
|
Batting: RHB Rod Allen
|
0-0: Called Strike 0-1: Ball 1-1: Swinging Strike 1-2: Ball 2-2: Ball 3-2: Foul Ball, location: 2F 3-2: Base on Balls
|
|
Batting: LHB Denny Porter
|
0-0: Swinging Strike 0-1: Swinging Strike 0-2: Ball 1-2: Foul Ball, location: 2F 1-2: Fly out, F2 (Popup, 25F, EV 86.9 MPH)
|
| Top of the 1st over - 1 run, 2 hits, 0 errors, 2 left on base; New York 1 - Toronto 0 |
| BOTTOM OF THE 1ST |
|
Toronto Blue Jays batting - Pitching for New York Yankees : LHP Rick Honeycutt
|
|
Pitching: LHP Rick Honeycutt
|
|
|
Batting: LHB Sheldon Mallory
|
0-0: Called Strike 0-1: Called Strike 0-2: Strikes out swinging
|
|
Batting: RHB Jose Gonzalez
|
0-0: Ball 1-0: SINGLE (Line Drive, 4MD, EV 105.0 MPH)
|
|
Batting: RHB Andres Galarraga
|
0-0: Foul Ball, location: 2F 0-1: Swinging Strike 0-2: Ball 1-2: Ball 2-2: Ball 3-2: Foul Ball, location: 2F 3-2: Strikes out swinging Jose Gonzalez steals 2nd base Batter strikes out.
|
|
Batting: RHB Juan Monasterio
|
0-0: Foul Ball, location: 2F 0-1: Ball 1-1: Foul Ball, location: 2F 1-2: Ball 2-2: Ball 3-2: Foul Ball, location: 2F 3-2: DOUBLE (Flyball, 78XD, EV 106.3 MPH) Jose Gonzalez scores
|
|
Batting: RHB Hubie Brooks
|
0-0: Called Strike 0-1: Foul Ball, location: 2F 0-2: Ball 1-2: Fly out, F8 (Flyball, 8RM, EV 95.0 MPH)
|
| Bottom of the 1st over - 1 run, 2 hits, 0 errors, 1 left on base; New York 1 - Toronto 1 |
| TOP OF THE 2ND |
|
New York Yankees batting - Pitching for Toronto Blue Jays : RHP Ron Romanick
|
|
Batting: RHB Javier Leyva
|
0-0: Called Strike 0-1: Foul Ball, location: 2F 0-2: Strikes out looking
|
|
Batting: LHB Jordan Medrano
|
0-0: Ball 1-0: Ball 2-0: Called Strike 2-1: Foul Ball, location: 2F 2-2: Fly out, F7 (Flyball, 7S, EV 90.6 MPH)
|
|
Batting: SHB Danny Hernandez
|
0-0: Swinging Strike 0-1: Swinging Strike 0-2: Ground out 4-3 (Groundball, 34, EV 98.1 MPH)
|
| Top of the 2nd over - 0 runs, 0 hits, 0 errors, 0 left on base; New York 1 - Toronto 1 |
| BOTTOM OF THE 2ND |
|
Toronto Blue Jays batting - Pitching for New York Yankees : LHP Rick Honeycutt
|
|
Batting: RHB Cal Ripken
|
0-0: Foul Ball, location: 2F 0-1: Fly out, F9 (Flyball, 9LS, EV 88.1 MPH)
|
|
Batting: LHB Darryl Strawberry
|
0-0: Ball 1-0: Foul Ball, location: 2F 1-1: DOUBLE (Line Drive, 3D, EV 103.8 MPH)
|
|
Batting: RHB Fritzie Connally
|
0-0: Ball 1-0: Ball 2-0: Swinging Strike 2-1: Foul Ball, location: 2F 2-2: Ball 3-2: Base on Balls
|
|
Batting: SHB Harold Reynolds
|
0-0: Ball 1-0: Called Strike 1-1: Fly out, F4 (Popup, 34D, EV 60.6 MPH)
|
|
Batting: LHB Sheldon Mallory
|
0-0: Foul Ball, location: 2F 0-1: Ball 1-1: Ball 2-1: Swinging Strike 2-2: Foul Ball, location: 2F 2-2: Ball 3-2: Ground out U3 (Groundball, 34S, EV 83.8 MPH)
|
| Bottom of the 2nd over - 0 runs, 1 hit, 0 errors, 2 left on base; New York 1 - Toronto 1 |
| TOP OF THE 3RD |
|
New York Yankees batting - Pitching for Toronto Blue Jays : RHP Ron Romanick
|
|
Batting: SHB Jerry Manuel
|
0-0: Foul Ball, location: 2F 0-1: Ground out 6-3 (Groundball, 6, EV 86.9 MPH)
|
|
Batting: SHB Larry Hyman
|
0-0: Called Strike 0-1: Ground out U3 (Groundball, 3L, EV 85.0 MPH)
|
|
Batting: RHB David Hall
|
0-0: Ball 1-0: Called Strike 1-1: Foul Ball, location: 2F 1-2: Ball 2-2: Ball 3-2: Base on Balls
|
|
Batting: RHB Pedro Guerrero
|
0-0: Ball 1-0: Called Strike 1-1: Foul Ball, location: 2F 1-2: Ball 2-2: 2-RUN HOME RUN (Flyball, 7D, EV 93.8 MPH), Distance : 394 ft
|
|
Batting: RHB Rod Allen
|
0-0: Ball 1-0: Ball 2-0: Ball 3-0: Called Strike 3-1: Swinging Strike 3-2: Foul Ball, location: 2F 3-2: Strikes out looking
|
| Top of the 3rd over - 2 runs, 1 hit, 0 errors, 0 left on base; New York 3 - Toronto 1 |
| BOTTOM OF THE 3RD |
|
Toronto Blue Jays batting - Pitching for New York Yankees : LHP Rick Honeycutt
|
|
Batting: RHB Jose Gonzalez
|
0-0: Ball 1-0: Called Strike 1-1: Fly out, F3 (Line Drive, 3, EV 69.4 MPH)
|
|
Batting: RHB Andres Galarraga
|
0-0: Called Strike 0-1: Foul Ball, location: 2F 0-2: Ball 1-2: Foul Ball, location: 2F 1-2: Ball 2-2: Ball 3-2: Fly out, F8 (Flyball, 8RM, EV 92.5 MPH)
|
|
Batting: RHB Juan Monasterio
|
0-0: Ball 1-0: Fly out, F9 (Flyball, 9, EV 80.0 MPH)
|
| Bottom of the 3rd over - 0 runs, 0 hits, 0 errors, 0 left on base; New York 3 - Toronto 1 |
| TOP OF THE 4TH |
|
New York Yankees batting - Pitching for Toronto Blue Jays : RHP Ron Romanick
|
|
Batting: LHB Denny Porter
|
0-0: Ball 1-0: Ball 2-0: Foul Ball, location: 2F 2-1: Called Strike 2-2: Ball 3-2: Foul Ball, location: 2F 3-2: Foul Ball, location: 2F 3-2: Ground out 4-3 (Groundball, 4, EV 102.5 MPH)
|
|
Batting: RHB Javier Leyva
|
0-0: Called Strike 0-1: Foul Ball, location: 2F 0-2: Strikes out swinging
|
|
Batting: LHB Jordan Medrano
|
0-0: Called Strike 0-1: Fly out, F7 (Flyball, 7S, EV 93.1 MPH)
|
| Top of the 4th over - 0 runs, 0 hits, 0 errors, 0 left on base; New York 3 - Toronto 1 |
| BOTTOM OF THE 4TH |
|
Toronto Blue Jays batting - Pitching for New York Yankees : LHP Rick Honeycutt
|
|
Batting: RHB Hubie Brooks
|
0-0: Swinging Strike 0-1: Ground out 6-3 (Groundball, 6MD, EV 100.6 MPH)
|
|
Batting: RHB Cal Ripken
|
0-0: Called Strike 0-1: Fly out, F8 (Line Drive, 8RD, EV 91.9 MPH)
|
|
Batting: LHB Darryl Strawberry
|
0-0: Called Strike 0-1: Foul Ball, location: 2F 0-2: Ground out 4-3 (Groundball, 4D, EV 109.4 MPH)
|
| Bottom of the 4th over - 0 runs, 0 hits, 0 errors, 0 left on base; New York 3 - Toronto 1 |
| TOP OF THE 5TH |
|
New York Yankees batting - Pitching for Toronto Blue Jays : RHP Ron Romanick
|
|
Pitching: RHP Bill Caudill
|
|
|
Batting: SHB Danny Hernandez
|
0-0: Ball 1-0: Swinging Strike 1-1: Called Strike 1-2: Ball 2-2: Foul Ball, location: 2F 2-2: Foul Ball, location: 2F 2-2: Strikes out swinging
|
|
Batting: SHB Jerry Manuel
|
0-0: Called Strike 0-1: Swinging Strike 0-2: Ball 1-2: Ball 2-2: Ball 3-2: Foul Ball, location: 2F 3-2: Base on Balls
|
|
Batting: SHB Larry Hyman
|
0-0: Called Strike 0-1: Ball 1-1: Ball Jerry Manuel steals 2nd base 2-1: Foul Ball, location: 2F 2-2: Foul Ball, location: 2F 2-2: Strikes out swinging
|
|
Batting: RHB David Hall
|
0-0: Ball 1-0: Ball 2-0: DOUBLE (Line Drive, 5D, EV 104.4 MPH) Jerry Manuel scores
|
|
Batting: RHB Pedro Guerrero
|
0-0: Foul Ball, location: 2F 0-1: Swinging Strike 0-2: Strikes out swinging
|
| Top of the 5th over - 1 run, 1 hit, 0 errors, 1 left on base; New York 4 - Toronto 1 |
| BOTTOM OF THE 5TH |
|
Toronto Blue Jays batting - Pitching for New York Yankees : LHP Rick Honeycutt
|
|
Pitching: RHP Greg Field
|
|
|
Batting: RHB Fritzie Connally
|
0-0: Called Strike 0-1: SINGLE (Flyball, 34D, EV 96.3 MPH)
|
|
Batting: SHB Harold Reynolds
|
0-0: Foul Ball, location: 2F 0-1: Ball 1-1: Swinging Strike 1-2: Foul Ball, location: 2F 1-2: Fielders Choice at 2nd, 3-6 (Groundball, 34, EV 105.0 MPH)
|
|
Batting: LHB Sheldon Mallory
|
0-0: Ball 1-0: Foul Ball, location: 2F 1-1: Ball 2-1: SINGLE (Flyball, 8LS, EV 86.9 MPH) Harold Reynolds to second Runner from 2nd tries for 3rd, SAFE, throw by CF made to third
|
|
Batting: RHB Jose Gonzalez
|
0-0: Ball Sheldon Mallory steals 2nd base 1-0: Ball 2-0: Foul Ball, location: 2F 2-1: Ground out 6-3 (Groundball, 6, EV 78.1 MPH) Harold Reynolds scores Sheldon Mallory to third
|
|
Batting: RHB Andres Galarraga
|
0-0: Ball 1-0: Ground out 5-3 (Groundball, 56S, EV 68.8 MPH)
|
| Bottom of the 5th over - 1 run, 2 hits, 0 errors, 1 left on base; New York 4 - Toronto 2 |
| TOP OF THE 6TH |
|
New York Yankees batting - Pitching for Toronto Blue Jays : RHP Bill Caudill
|
|
Batting: RHB Rod Allen
|
0-0: Ball 1-0: DOUBLE (Flyball, 89XD, EV 106.9 MPH)
|
|
Batting: LHB Denny Porter
|
0-0: Intentional Walk
|
|
Batting: RHB Javier Leyva
|
0-0: Ball 1-0: Ball 2-0: Sac Bunt to 3S - play at first, batter OUT! 3-4 Rod Allen to third Denny Porter to second
|
|
Batting: LHB Jordan Medrano
|
0-0: Ball 1-0: Foul Ball, location: 2F 1-1: Called Strike 1-2: Ball 2-2: Ball 3-2: SINGLE (Line Drive, 78S, EV 105.6 MPH) Rod Allen scores Denny Porter to third Runner from 3rd tries for Home, SAFE, throw by LF to home
|
|
Pitching: LHP Charlie Hudson
|
|
|
Batting: SHB Danny Hernandez
|
0-0: Called Strike 0-1: Fielders Choice at 2nd, 6-4 (Groundball, 6, EV 104.4 MPH)
|
|
Batting: LHB Mario Cabrera
|
0-0: Called Strike 0-1: Fly out, F9 (Flyball, 89XD, EV 103.8 MPH)
|
| Top of the 6th over - 2 runs, 2 hits, 0 errors, 1 left on base; New York 6 - Toronto 2 |
| BOTTOM OF THE 6TH |
|
Toronto Blue Jays batting - Pitching for New York Yankees : RHP Greg Field
|
|
Batting: RHB Juan Monasterio
|
0-0: Ball 1-0: Foul Ball, location: 2F 1-1: Fly out, F3 (Popup, 34, EV 60.6 MPH)
|
|
Batting: RHB Hubie Brooks
|
0-0: Called Strike 0-1: SINGLE (Line Drive, 4D, EV 98.1 MPH)
|
|
Batting: RHB Cal Ripken
|
0-0: Fielders Choice at 2nd, 5-4 (Groundball, 56, EV 104.4 MPH)
|
|
Batting: LHB Darryl Strawberry
|
0-0: SINGLE (Groundball, 6, EV 81.3 MPH) (infield hit) Cal Ripken to second
|
|
Batting: RHB Fritzie Connally
|
0-0: Ball 1-0: Swinging Strike 1-1: Ball 2-1: Foul Ball, location: 2F 2-2: DOUBLE (Flyball, 78D, EV 98.1 MPH) Cal Ripken scores Darryl Strawberry to third Runner from 3rd tries for Home, SAFE, throw by CF to home
|
|
Pitching: RHP Manny Sarmiento
|
|
|
Batting: SHB Harold Reynolds
|
0-0: Ball 1-0: Ground out 5-3 (Groundball, 56, EV 88.1 MPH)
|
| Bottom of the 6th over - 2 runs, 3 hits, 0 errors, 1 left on base; New York 6 - Toronto 4 |
| TOP OF THE 7TH |
|
New York Yankees batting - Pitching for Toronto Blue Jays : LHP Charlie Hudson
|
|
Pinch Hitting: LHB Gene Gentile
|
0-0: Fly out, F7 (Flyball, 7S, EV 77.5 MPH)
|
|
Pinch Hitting: LHB Wade Boggs
|
0-0: Ball 1-0: Ball 2-0: Ground out 3-1 (Groundball, 34S, EV 86.3 MPH)
|
|
Pinch Hitting: LHB Kent Hrbek
|
0-0: Foul Ball, location: 2F 0-1: Ball 1-1: Swinging Strike 1-2: Foul Ball, location: 2F 1-2: Foul Ball, location: 2F 1-2: Foul Ball, location: 2F 1-2: Ground out 4-3 (Groundball, 4S, EV 86.3 MPH)
|
| Top of the 7th over - 0 runs, 0 hits, 0 errors, 0 left on base; New York 6 - Toronto 4 |
| BOTTOM OF THE 7TH |
|
Toronto Blue Jays batting - Pitching for New York Yankees : RHP Manny Sarmiento
|
|
Now at 1B: Kent Hrbek
|
|
|
Now at SS: Wade Boggs
|
|
|
Now in CF: Gene Gentile
|
|
|
Pinch Hitting: LHB Manny Leal
|
0-0: Fly out, F2 (Popup, 15S, EV 86.9 MPH)
|
|
Pinch Hitting: LHB Ray Cosey
|
0-0: Called Strike 0-1: Ball 1-1: Ball 2-1: Foul Ball, location: 2F 2-2: Foul Ball, location: 2F 2-2: SINGLE (Line Drive, 78S, EV 102.5 MPH)
|
|
Batting: RHB Andres Galarraga
|
0-0: Ball 1-0: Called Strike 1-1: Ball Ray Cosey steals 2nd base 2-1: Ball 3-1: Called Strike 3-2: Strikes out swinging, 2-3 out at first.
|
|
Pitching: RHP Javier Villanueva
|
|
|
Pinch Hitting: RHB Jeremy Nelson
|
0-0: Called Strike 0-1: Foul Ball, location: 2F 0-2: Foul Ball, location: 2F 0-2: Ball 1-2: Foul Ball, location: 2F 1-2: DOUBLE (Line Drive, 5D, EV 95.0 MPH) Ray Cosey scores
|
|
Batting: RHB Jim G Wilson
|
0-0: Foul Ball, location: 2F 0-1: Ball 1-1: Ball 2-1: Fly out, F9 (Flyball, 9, EV 90.6 MPH)
|
| Bottom of the 7th over - 1 run, 2 hits, 0 errors, 1 left on base; New York 6 - Toronto 5 |
| TOP OF THE 8TH |
|
New York Yankees batting - Pitching for Toronto Blue Jays : LHP Charlie Hudson
|
|
Now at 3B: Jeremy Nelson
|
|
|
Now in LF: Manny Leal
|
|
|
Now in CF: Ray Cosey
|
|
|
Pinch Hitting: SHB Willie Wilson
|
0-0: Ball 1-0: Ball 2-0: SINGLE (Line Drive, 7LS, EV 93.8 MPH)
|
|
Pinch Hitting: LHB Ron Hassey
|
0-0: Foul Ball, location: 2F 0-1: Ball 1-1: Ball 2-1: Sac Bunt to 2L - play at first, batter OUT! 2-4 Willie Wilson to second
|
|
Pinch Hitting: LHB Elijah Bonaparte
|
0-0: Intentional Walk
|
|
Pinch Hitting: RHB Alex Rodriguez
|
0-0: SINGLE (Groundball, 56D, EV 101.3 MPH) Willie Wilson to third Elijah Bonaparte to second Runner from 3rd tries for Home, SAFE, throw by LF to home
|
|
Pinch Hitting: SHB Curt Wilkerson
|
0-0: Called Strike 0-1: Foul Ball, location: 2F 0-2: Ball 1-2: Foul Ball, location: 2F 1-2: Foul Ball, location: 2F 1-2: Strikes out looking
|
|
Batting: LHB Mario Cabrera
|
0-0: Swinging Strike 0-1: Ball 1-1: Ball 2-1: Foul Ball, location: 2F 2-2: Strikes out looking
|
| Top of the 8th over - 1 run, 2 hits, 0 errors, 2 left on base; New York 7 - Toronto 5 |
| BOTTOM OF THE 8TH |
|
Toronto Blue Jays batting - Pitching for New York Yankees : RHP Javier Villanueva
|
|
Now at C: Ron Hassey
|
|
|
Now at 2B: Curt Wilkerson
|
|
|
Now at SS: Alex Rodriguez
|
|
|
Now in LF: Tim Derryberry
|
|
|
Now in RF: Willie Wilson
|
|
|
Pinch Hitting: RHB Jose Carrillo
|
0-0: Ball 1-0: Ball 2-0: Called Strike 2-1: Foul Ball, location: 2F 2-2: Ball 3-2: Foul Ball, location: 2F 3-2: Foul Ball, location: 2F 3-2: Ground out U3 (Groundball, 34, EV 106.9 MPH)
|
|
Pinch Hitting: RHB Dave Meier
|
0-0: Foul Ball, location: 2F 0-1: Ball 1-1: Fly out, F4 (Flyball, 4D, EV 88.8 MPH)
|
|
Pinch Hitting: RHB Dann Bilardello
|
0-0: Called Strike 0-1: Foul Ball, location: 2F 0-2: Ball 1-2: Strikes out swinging
|
| Bottom of the 8th over - 0 runs, 0 hits, 0 errors, 0 left on base; New York 7 - Toronto 5 |
| TOP OF THE 9TH |
|
New York Yankees batting - Pitching for Toronto Blue Jays : LHP Charlie Hudson
|
|
Now at 1B: Dann Bilardello
|
|
|
Now at SS: Jose Carrillo
|
|
|
Now in RF: Dave Meier
|
|
|
Batting: LHB Gene Gentile
|
0-0: Ball 1-0: Foul Ball, location: 2F 1-1: Ball 2-1: Foul Ball, location: 2F 2-2: Strikes out looking
|
|
Pitching: LHP Pete Filson
|
|
|
Batting: LHB Wade Boggs
|
0-0: Called Strike 0-1: Foul Ball, location: 2F 0-2: Strikes out swinging
|
|
Batting: LHB Kent Hrbek
|
0-0: Ball 1-0: Fly out, F8 (Flyball, 8LXD, EV 79.4 MPH)
|
| Top of the 9th over - 0 runs, 0 hits, 0 errors, 0 left on base; New York 7 - Toronto 5 |
| BOTTOM OF THE 9TH |
|
Toronto Blue Jays batting - Pitching for New York Yankees : RHP Javier Villanueva
|
|
Pinch Hitting: RHB Alex Villalobos
|
0-0: Ball 1-0: Ball 2-0: Called Strike 2-1: Swinging Strike 2-2: Fly out, F8 (Flyball, 8LD, EV 102.5 MPH)
|
|
Batting: LHB Manny Leal
|
0-0: DOUBLE (Line Drive, 89D, EV 104.4 MPH)
|
|
Batting: LHB Ray Cosey
|
0-0: Ball 1-0: Called Strike 1-1: Ball 2-1: DOUBLE (Line Drive, 5D, EV 98.1 MPH) Manny Leal scores
|
|
Pitching: RHP Paul Moskau
|
|
|
Pinch Hitting: LHB Brad Gulden
|
0-0: Ball 1-0: Called Strike 1-1: Ball 2-1: Foul Ball, location: 2F 2-2: Foul Ball, location: 2F 2-2: Foul Ball, location: 2F 2-2: Strikes out swinging
|
|
Batting: RHB Jeremy Nelson
|
0-0: Ball 1-0: Foul Ball, location: 2F 1-1: Ball 2-1: Ground out 6-3 (Groundball, 6D, EV 103.8 MPH)
|
| Bottom of the 9th over - 1 run, 2 hits, 0 errors, 1 left on base; New York 7 - Toronto 6 |
|